 Dungeon Crawl Stone Soup version 0.31-a0-95-g6fa058ef04 (webtiles) character file.

Game seed: 15894077570899493537

317 frimble the Grasshopper (level 6, -4/42 HPs)
             Began as an Octopode Warper on May 25, 2023.
             Slain by a sleepcap (19 damage)
             ... on level 3 of the Dungeon.
             The game lasted 00:06:12 (3056 turns).

frimble the Grasshopper (Octopode Warper)           Turns: 3056, Time: 00:06:13

Health: -4/42      AC:  1    Str: 11    XL:     6   Next: 44%
Magic:  10/10      EV:  2    Int: 23    God:
Gold:   214        SH:  0    Dex: 11    Spells: 9/11 levels left

rFire   . . .        a - +0 short sword
rCold   . . .        (no shield)
rNeg    . . .        (helmet restricted)
rPois   .            (no amulet)
rElec   .            m - ring of wizardry
rCorr   .            o - +6 ring of intelligence
SInv    .            (no ring)
Will    .....        (no ring)
Stlth   +++          (no ring)
HPRegen 0.27/turn    (no ring)
MPRegen 0.12/turn    (no ring)
                     (no ring)

%: wizardry (x1)
@: sleeping
A: almost no armour, amphibious, 8 rings, camouflage 1, gelatinous body 1,
(nimble swimmer 1), tentacles
a: no special abilities


You were on level 3 of the Dungeon.
You visited 1 branch of the dungeon, and saw 6 of its levels.
You also visited: Sewer.

You collected 214 gold pieces.

Inventory:

Hand Weapons
 a - a +0 short sword (weapon)
 l - a +0 falchion
 q - the +5 flail "Daraub" {holy, Fly rC+}
   (You found it in a sewer)

   rC:        It protects you from cold.
   Fly:       It grants you flight.
Missiles
 c - a boomerang of dispersal (quivered)
 s - 3 boomerangs
Jewellery
 m - a ring of wizardry (left tentacle)
 o - a +6 ring of intelligence (right tentacle)
Wands
 t - a wand of roots (5)
Scrolls
 b - a scroll of blinking
 d - a scroll of teleportation
 j - a scroll of enchant weapon
 k - a scroll of identify
Potions
 e - a potion of mutation
 f - 2 potions of curing
 g - a potion of lignification
 h - 2 potions of haste
 i - 3 potions of magic {unknown}
 n - a potion of enlightenment {unknown}
 p - 6 potions of invisibility
 r - a potion of resistance {unknown}


   Skills:
 + Level 3.2 Fighting
 + Level 3.1 Short Blades
 - Level 1.2 Throwing
 + Level 3.5 Dodging
 + Level 2.8 Stealth
 - Level 3.0 Spellcasting
 + Level 3.8 Translocations
 + Level 0.7 Evocations


You had 9 spell levels left.
You knew the following spells:

 Your Spells              Type           Power      Damage    Failure   Level
a - Blink                 Tloc           42%        N/A       1%          2

Your spell library contained the following spells:

 Spells                   Type           Power      Damage    Failure   Level
 Lesser Beckoning         Tloc           42%        N/A       1%          2
 Teleport Other           Tloc           21%        N/A       2%          3
 Slow                     Hex            12%        N/A       4%          1
 Shock                    Conj/Air       4%         1d3       6%          1
 Vhi's Electric Charge    Tloc/Air       20%        N/A       8%          3
 Manifold Assault         Tloc           21%        N/A       10%         4
 Confusing Touch          Hex            3%         N/A       14%         3
 Swiftness                Air            3%         N/A       14%         3
 Vampiric Draining        Necr           3%         2d6       14%         3
 Airstrike                Air            1%         2d(1-17)  41%         4


Dungeon Overview and Level Annotations

Branches:
Dungeon (6/15)              Sewer (visited)
 Temple: D:4-7

Altars:

Annotations:
D:2 exclusion: scorpion
D:4 Dowan, Duvessa, Menkaure
D:5 Grinder


Innate Abilities, Weirdness & Mutations

You cannot wear most types of armour.
You are amphibious.
You can wear up to eight rings at the same time.
Your skin changes colour to match your surroundings (Stealth+).
Your rubbery body absorbs attacks. (AC +1, EV +1)
((You are camouflaged when in or above water. (Stealth+)))
You have tentacles for arms and can constrict up to eight enemies at once.


Message History

The sleepcap is severely damaged.
You constrict the sleepcap. The sleepcap barely misses you.
You hit the sleepcap. You squeeze the sleepcap.
You destroy the sleepcap!
Unknown command.
You hit the sleepcap but do no damage. You grab the sleepcap.
You tentacle-slap the sleepcap. You squeeze the sleepcap!
The sleepcap is heavily damaged.
You constrict the sleepcap, but do no damage.
The sleepcap misses you.
You hit the sleepcap but do no damage.
You squeeze the sleepcap, but do no damage.
The sleepcap is heavily damaged.
You constrict the sleepcap. You hit the sleepcap. You squeeze the sleepcap!
The sleepcap is almost destroyed.
You constrict the sleepcap.
You destroy the sleepcap!
You hit the sleepcap but do no damage. You grab the sleepcap.
The sleepcap is lightly damaged.
You constrict the sleepcap, but do no damage.
The sleepcap releases spores at you!
You hit the sleepcap.
The sleepcap is lightly damaged.
You constrict the sleepcap. The sleepcap closely misses you.
You hit the sleepcap.
You squeeze the sleepcap, but do no damage.
The sleepcap is moderately damaged.
You constrict the sleepcap. The sleepcap misses you.
You hit the sleepcap but do no damage.
The sleepcap is moderately damaged.
You constrict the sleepcap. The sleepcap closely misses you.
You hit the sleepcap but do no damage.
The sleepcap is moderately damaged.
You constrict the sleepcap. The sleepcap releases spores at you.
You are engulfed in a cloud of soporific spores!
You fall asleep.
You lose your grip on the sleepcap.
The sleepcap releases spores at you!!
You die...

#................#####
#................### #
##'''##f...........### #....
#.........#..... #....
#.f#.....#...###
###.ff###.#.#.....#..##
#.#...#.#.....######...
#.##.##f.....## ###.
##########.##.#@###...#### #.
#........#.####.# #......### #.
#........#...#### #.#>##...# ##
#..........### #...####.#####
#>†......#.#########..# #......
#.................##..##########
#........#....)...##..#.........
#........#..............##....##
#........#.........#..###..####


You could see a sleepcap.

Vanquished Creatures
  A jelly (Sewer)
  2 sleepcaps (D:3)
  Robin (D:3)
  5 adders
  4 worms
  A dart slug (D:2)
  11 orcs
  2 bats (D:1)
  11 endoplasms
  9 giant cockroaches
  11 goblins (D:3)
  6 hobgoblins
  2 quokkas
  9 ball pythons
  10 frilled lizards
  4 kobolds
  4 rats
93 creatures vanquished.

Vanquished Creatures (collateral kills)
  2 jellies (Sewer)
  A ball python (Sewer)
  An endoplasm (Sewer)
4 creatures vanquished.

Grand Total: 97 creatures vanquished

Notes
Turn   | Place    | Note
-------+----------+-------------------------------------------
     0 | D:1      | frimble the Octopode Warper began the quest for the Orb.
     0 | D:1      | Reached XP level 1. HP: 14/14 MP: 3/3
   344 | D:1      | Reached XP level 2. HP: 16/19 MP: 5/5
   467 | D:1      | Learned a level 2 spell: Blink
   837 | D:2      | Noticed a scorpion
   847 | D:2      | Reached XP level 3. HP: 24/24 MP: 6/6
  1302 | D:2      | Found a faded altar of an unknown god.
  1649 | D:3      | Reached skill level 1 in Stealth
  1691 | D:3      | Reached XP level 4. HP: 22/30 MP: 7/7
  1927 | D:3      | Found a glowing drain.
  1941 | Sewer    | Entered a sewer
  2193 | Sewer    | Found a viscous altar of Jiyva.
  2200 | Sewer    | Reached XP level 5. HP: 20/36 MP: 8/8
  2357 | Sewer    | Identified the +5 flail "Daraub" {holy, Fly rC+}
  2439 | D:3      | You fall into a shaft and drop 3 floors!
  2443 | D:6      | Noticed a lemure
  2446 | D:5      | Entered Level 5 of the Dungeon
  2446 | D:5      | Noticed Grinder
  2447 | D:5      | Noticed an ice beast
  2451 | D:4      | Noticed Menkaure
  2476 | D:4      | Noticed Duvessa
  2477 | D:4      | Noticed Dowan
  2634 | D:3      | Reached XP level 6. HP: 42/42 MP: 10/10
  2730 | D:3      | Noticed Robin
  2748 | D:3      | Killed Robin
  3056 | D:3      | Slain by a sleepcap

Illustrated notes

Levels and vault maps discovered:
D:1:      dpeg_arrival_simpleton_b, layout_basic
D:2:      layout_loops_ring, shapermc_ecumenical_altar_hornbeckon
D:3:      layout_rooms, gup_sewer_entry_bubbles, hellmonk_no_cap, uniq_robin
D:4:      layout_cave_pools, minmay_temple_entry_nine_rooms, uniq_duvessa,
          uniq_ijyb, uniq_menkaure
D:5:      layout_rooms, hangedman_ru_absence, uniq_grinder, uniq_prince_ribbit1,
          uniq_crazy_yiuf_cottage
D:6:      layout_rooms, bh_walls_and_bars, uniq_pikel

Skill      XL: |  1  2  3  4  5  6 |
---------------+-------------------+-----
Stealth        | 1 2 |  2.8
Dodging        | 3 |  3.5
Fighting       | 3 |  3.2
Short Blades   | 3 |  3.1
Spellcasting   | 3 |  3.0
Throwing       | |  1.2
Translocations | |  3.8
Evocations     | |  0.7

Action                     |  1- 3 |  4- 6 || total
---------------------------+-------+-------++-------
  Melee: Short sword       |    71 |   144 ||   215
         Constrict         |    16 |    37 ||    53
         Tentacles         |    16 |    36 ||    52
         Punch             |       |     5 ||     5
  Throw: Boomerang         |       |     6 ||     6
   Cast: Blink             |       |     4 ||     4
  Evoke: Wand              |       |     4 ||     4
    Use: Scroll            |     3 |     5 ||     8
         Potion            |       |     1 ||     1
   Stab: Sleeping          |     7 |     9 ||    16
 Armour: Skin              |     2 |     5 ||     7
  Dodge: Dodged            |    39 |    69 ||   108

Table legend: (Time is in decaauts)
 A = Elapsed time spent in this place.
 B = Non-inter-level travel time spent in this place.
 C = Inter-level travel time spent in this place.
 D = Time resting spent in this place.
 E = Time spent auto-exploring this place.
 F = Levels seen in this place.
 G = Mean time per level.
                   A        B        C        D        E       F      G
               +--------+--------+--------+--------+--------+-----+--------+
         Total |   3028 |   2946 |     82 |      0 |   2273 |   7 |  432.6 |
       Dungeon |   2602 |   2520 |     82 |      0 |   1988 |   6 |  433.7 |
         Sewer |    426 |    426 |      0 |      0 |    285 |   1 |  426.0 |
               +--------+--------+--------+--------+--------+-----+--------+

Top non-repeatable levels by time:
     D:3: 965 daAuts
     D:2: 834 daAuts
     D:1: 757 daAuts
   Sewer: 426 daAuts
     D:4: 30 daAuts
     D:6: 6 daAuts
     D:5: 6 daAuts
